 Dungeon Crawl Stone Soup version 0.21.1-1-g345015f (webtiles) character file.

123 CougarLife the Ruffian (level 4, -1/44 HPs)
             Began as a Troll Monk on May 24, 2018.
             Slain by a gnoll
             ... wielding a +0 halberd
              (2 damage)
             ... on level 3 of the Dungeon.
             The game lasted 00:03:40 (1593 turns).

CougarLife the Ruffian (Troll Monk)                 Turns: 1593, Time: 00:03:40

Health: -1/44      AC:  5    Str: 19    XL:     4   Next: 80%
Magic:  3/3        EV: 10    Int:  6    God:
Gold:   133        SH:  0    Dex: 13    Spells: 3/3 levels left

rFire    . . .     SeeInvis .     - Unarmed
rCold    . . .     Gourm    +   (no shield)
rNeg     . . .     Faith    .   a - +0 robe
rPois    .         Spirit   .   (helmet restricted)
rElec    .         Reflect  .   (no cloak)
rCorr    .         Harm     .   (gloves unavailable)
MR       .....                  (boots unavailable)
Stlth    ++........             (no amulet)
HPRegen  0.54/turn              (no ring)
MPRegen  0.08/turn              (no ring)

@: no status effects
A: large, unfitting armour, claws 3, fast metabolism 3, gourmand, regeneration
1, shaggy fur 1, tough skin 2
a: no special abilities


You were on level 3 of the Dungeon.
You were completely stuffed.

You visited 1 branch of the dungeon, and saw 3 of its levels.

You collected 133 gold pieces.

Inventory:

Armour
 a - a +0 robe (worn)
Wands
 k - a wand of disintegration (19)
Scrolls
 c - 5 scrolls of identify {unknown}
 h - a scroll of enchant armour {unknown}
Potions
 d - a potion of mutation {unknown}
 e - a potion of curing {unknown}
 f - a potion of heal wounds {unknown}
 g - a potion of haste {unknown}
 i - a potion of agility {unknown}
Comestibles
 b - 3 rations
 j - 2 chunks of flesh


   Skills:
 - Level 2.4 Fighting
 - Level 2.4 Dodging
 - Level 1.0 Stealth
 + Level 5.6 Unarmed Combat


You had 3 spell levels left.
You didn't know any spells.

Dungeon Overview and Level Annotations

Branches:
Dungeon (3/15)

Altars:
Elyvilon

Annotations:
D:3 CougarLife's ghost, amateur TrFi


Innate Abilities, Weirdness & Mutations

You are too large for most types of armour.
You have claws for hands.
Your metabolism is lightning-fast.
You like to eat raw meat.
Your natural rate of healing is unusually fast.
You are covered in fur. (AC +1)
You have very tough skin. (AC +2)


Message History

The gnoll hits you from afar with a halberd.
The orc throws a javelin.
The javelin barely misses you.
You barely miss the orc. The orc closely misses you.
The gnoll hits you from afar with a halberd!
The gnoll barely misses you.
You are too injured to fight recklessly!
You are too injured to fight recklessly!
You are too injured to fight recklessly!
The orc throws a tomahawk.
The tomahawk misses you.
The orc throws a javelin.
The javelin hits you.
* * * LOW HITPOINT WARNING * * *
The gnoll hits you from afar with a halberd!
* * * LOW HITPOINT WARNING * * *
The gnoll closely misses you.
You see here a javelin.
The orc hits you.
* * * LOW HITPOINT WARNING * * *
The orc hits you but does no damage. The gnoll barely misses you.
The gnoll hits you from afar with a halberd.
You die...

#........# #........#
#........###
#...........###
#.............#######
#........###........###
#.....goo##.....###...#
#.....g†@##.##.......####
########(................
#.......##..##....
#.......#..###....
###.......(.## #....
#.....(((.###.......
#.....(.......##....
#........#######....
#.......)# ##.##


You could see 2 gnolls and 2 orcs.

Vanquished Creatures
  5 adders
  3 gnolls
  2 worms
  A leopard gecko (D:2)
  An orc (D:3)
  A giant cockroach (D:2)
  3 goblins
  5 hobgoblins
  4 jackals
  2 quokkas
  A ball python (D:2)
  4 bats
  2 frilled lizards
  6 kobolds
  3 rats
43 creatures vanquished.

Notes
Turn   | Place    | Note
-------+----------+-------------------------------------------
     0 | D:1      | CougarLife the Troll Monk began the quest for the Orb.
     0 | D:1      | Reached XP level 1. HP: 22/22 MP: 0/0
   297 | D:1      | Reached XP level 2. HP: 29/29 MP: 1/1
   455 | D:1      | Reached skill level 4 in Unarmed Combat
   873 | D:2      | Reached XP level 3. HP: 36/36 MP: 2/2
  1183 | D:2      | Found a white marble altar of Elyvilon.
  1222 | D:2      | Reached skill level 5 in Unarmed Combat
  1222 | D:2      | Reached XP level 4. HP: 44/44 MP: 3/3
  1403 | D:3      | Noticed CougarLife's ghost (amateur TrFi)
  1593 | D:3      | HP: 1/44 [orc (2)]
  1593 | D:3      | Slain by a gnoll

Skill      XL: |  1  2  3 |
---------------+----------+-----
Unarmed Combat | 4 5 |  5.6
Fighting       | |  2.4
Dodging        | |  2.4
Stealth        | |  1.0

Action                   |  1- 3 |  4- 6 || total
-------------------------+-------+-------++-------
Melee: Unarmed           |    70 |    34 ||   104
       Punch             |     4 |       ||     4
 Stab: Sleeping          |       |     1 ||     1
  Eat: Chunk             |    15 |     5 ||    20
Armor: Robe              |    27 |    10 ||    37
Dodge: Dodged            |    39 |    36 ||    75
